 Dungeon Crawl Stone Soup version 0.20-b1-18-gaa2fd62 (webtiles) character file.

50 cereshysteria the Skirmisher (level 3, 0/29 HPs)
             Began as a Demonspawn Chaos Knight on May 24, 2017.
             Succumbed to an adder's poison
             ... on level 2 of the Dungeon.
             The game lasted 00:04:47 (913 turns).

cereshysteria the Skirmisher (DsCK)                  Turns: 913, Time: 00:04:47

Health: 0/29       AC: 14    Str: 12    XL:     3   Next: 55%
Magic:  3/3        EV:  5    Int: 13    God:    Xom [*.....]
Gold:   16         SH:  0    Dex: 13    Spells: 2/2 levels left

rFire    + . .     SeeInvis .   a - +0 hand axe (chaos)
rCold    + . .     Gourm    .   (no shield)
rNeg     . . .     Faith    .   i - +0 chain mail
rPois    +         Spirit   .   (no helmet)
rElec    +         Reflect  .   (no cloak)
rCorr    +         Harm     .   (no gloves)
MR       .....                  (no boots)
Stlth    ..........             (no amulet)
Regen    0.1/turn               (no ring)
MPRegen  0.1/turn               (no ring)

@: lethally poisoned (0 -> -11), resistant, sanguine armour
A: sanguine armour 1
a: Renounce Religion


You were on level 2 of the Dungeon.
You worshipped Xom.
You were a special plaything of Xom.
You were full.

You visited 1 branch of the dungeon, and saw 2 of its levels.

You collected 16 gold pieces.

Inventory:

Hand Weapons
 a - a +0 hand axe of chaos (weapon)
Armour
 b - a +2 leather armour
 i - a +0 chain mail (worn)
 j - a +2 robe of magic resistance
Jewellery
 f - a +2 ring of evasion {unknown}
Scrolls
 d - a scroll of identify
 g - a scroll of noise
Potions
 h - a potion of agility


   Skills:
 + Level 3.5 Fighting
 + Level 3.2 Axes
 + Level 2.0 Armour
 + Level 1.5 Dodging
 + Level 0.4 Stealth


You had 2 spell levels left.
You didn't know any spells.

Dungeon Overview and Level Annotations

Branches:
Dungeon (2/15)

Altars:


Innate Abilities, Weirdness & Mutations

When seriously injured, your bleeding wounds create armour. (AC +6)


Message History

There is a lethal amount of poison in your body!
There is a lethal amount of poison in your body!
There is a lethal amount of poison in your body!
There is a lethal amount of poison in your body!
There is a lethal amount of poison in your body!
There is a lethal amount of poison in your body!
There is a lethal amount of poison in your body!
There is a lethal amount of poison in your body!
There is a lethal amount of poison in your body!
There is a lethal amount of poison in your body!
You closely miss something.
* * * LOW HITPOINT WARNING * * *
You feel sick. Something bites you but does no damage.
You hit something.
Reactivating autopickup.
You feel a bit more experienced.
* * * LOW HITPOINT WARNING * * *
You feel sick.
You die...
Xom thinks this is hilarious!

.# ### .#
########.## .##
.>........## ..
##.(...## .
##.).....#### #
#............ #
##......(.... #
#.####.....#.###
# #....@......#
# #.######.#####
. ### .. ###


There were no monsters in sight!

Vanquished Creatures
  3 adders (D:2)
  An ooze (D:1)
  2 hobgoblins
  4 jackals (D:1)
  A quokka (D:2)
  2 bats
  A frilled lizard (D:1)
  3 goblins (D:2)
  2 kobolds
19 creatures vanquished.

Notes
Turn   | Place    | Note
-------+----------+-------------------------------------------
     0 | D:1      | cereshysteria the Demonspawn Chaos Knight began the quest for the Orb.
     0 | D:1      | Reached XP level 1. HP: 18/18 MP: 1/1
   137 | D:1      | XOM: divination: detect items
   250 | D:1      | XOM: mild Erth miscast
   450 | D:1      | Gained mutation: When seriously injured, your bleeding wounds create armour. (AC +6) [demonic ancestry]
   450 | D:1      | Reached XP level 2. HP: 24/24 MP: 2/2
   472 | D:1      | XOM: fog
   516 | D:1      | Reached skill level 1 in Dodging
   614 | D:1      | XOM: 1-stop teleportation journey
   869 | D:2      | XOM: polymorph hobgoblin -> worm
   870 | D:2      | Reached XP level 3. HP: 29/29 MP: 3/3
   875 | D:2      | XOM: 6-stop teleportation journey
   912 | D:2      | HP: 1/29 [poisoned by an adder]
   913 | D:2      | Succumbed to an adder's poison

Skill      XL: |  1  2 |
---------------+-------+-----
Armour         | 2 |  2.0
Dodging        | 1 |  1.5
Axes           | 3 |  3.2
Fighting       | |  3.5
Stealth        | |  0.4

Action                   || total
-------------------------++-------
Melee: Hand axe          ||    59
  Use: Scroll            ||     3
       Potion            ||     1
 Stab: Sleeping          ||     1
       Confused          ||     1
  Eat: Bread ration      ||     1
Armor: Leather armour    ||    37
       Chain mail        ||    39
Dodge: Dodged            ||    50
